TOP OF THE 1ST |
Beloit Snappers batting - Pitching for Bowling Green Hot Rods : RHP Greg Spaulding
|
Pitching: RHP Greg Spaulding
|
|
Batting: RHB Willie de los Santos
|
0-0: Called Strike 0-1: Foul Ball, location: 2F 0-2: Strikes out looking
|
Batting: RHB Dan Boylan
|
0-0: Foul Ball, location: 2F 0-1: Ball 1-1: Called Strike 1-2: DOUBLE (Line Drive, 89D, EV 100.0 MPH)
|
Batting: RHB Diwan Abdul-Salam
|
0-0: Ball 1-0: Called Strike Dan Boylan steals 3rd base 1-1: Ball 2-1: Ground out 6-3 (Groundball, 6, EV 81.3 MPH) Dan Boylan scores
|
Batting: RHB Scott Wiggs
|
0-0: Ground out 6-3 (Groundball, 6S, EV 93.1 MPH)
|
Top of the 1st over - 1 run, 1 hit, 0 errors, 0 left on base; Beloit 1 - Bowling Green 0 |
BOTTOM OF THE 1ST |
Bowling Green Hot Rods batting - Pitching for Beloit Snappers : RHP Andrew Douglas
|
Pitching: RHP Andrew Douglas
|
|
Batting: RHB Dermott Kennelly
|
0-0: Foul Ball, location: 2F 0-1: Ball 1-1: Fly out, F7 (Flyball, 78M, EV 86.3 MPH)
|
Batting: LHB Jake Rheaume
|
0-0: Called Strike 0-1: Ball 1-1: Foul Ball, location: 2F 1-2: Ball 2-2: Ball 3-2: DOUBLE (Line Drive, 9LS, EV 99.4 MPH)
|
Batting: LHB Mario Ocana
|
0-0: Ball 1-0: Foul Ball, location: 2F 1-1: Called Strike 1-2: Ground out 4-3 (Groundball, 4, EV 88.1 MPH) Jake Rheaume to third
|
Batting: RHB David Ward
|
0-0: Ball 1-0: Called Strike 1-1: Ball 2-1: Foul Ball, location: 2F 2-2: Ball 3-2: Foul Ball, location: 2F 3-2: Foul Ball, location: 2F 3-2: SINGLE (Line Drive, 3D, EV 94.4 MPH) Jake Rheaume scores
|
Batting: LHB Jimmy Detrie
|
0-0: Called Strike 0-1: Swinging Strike 0-2: Ground out U3 (Groundball, 3, EV 93.8 MPH)
|
Bottom of the 1st over - 1 run, 2 hits, 0 errors, 1 left on base; Beloit 1 - Bowling Green 1 |
TOP OF THE 2ND |
Beloit Snappers batting - Pitching for Bowling Green Hot Rods : RHP Greg Spaulding
|
Batting: RHB Manny Vizzerra
|
0-0: Ball 1-0: Swinging Strike 1-1: Ground out 4-3 (Groundball, 4, EV 84.4 MPH)
|
Batting: RHB Kyle Waters
|
0-0: Foul Ball, location: 2F 0-1: Foul Ball, location: 2F 0-2: Foul Ball, location: 2F 0-2: Strikes out swinging
|
Batting: LHB Raita Inouye
|
0-0: Reached on error, E5 (Groundball, 56, EV 104.4 MPH)
|
Batting: RHB Rick Linders
|
0-0: Foul Ball, location: 2F 0-1: Fly out, F8 (Flyball, 8RD, EV 99.4 MPH)
|
Top of the 2nd over - 0 runs, 0 hits, 1 error, 1 left on base; Beloit 1 - Bowling Green 1 |
BOTTOM OF THE 2ND |
Bowling Green Hot Rods batting - Pitching for Beloit Snappers : RHP Andrew Douglas
|
Batting: RHB Azedine Kirui
|
0-0: Ball 1-0: SINGLE (Line Drive, 4D, EV 98.8 MPH)
|
Batting: SHB Julio Hernandez
|
0-0: Ball Wild Pitch! Azedine Kirui to second 1-0: Called Strike 1-1: Foul Ball, location: 2F 1-2: Fly out, F8 (Line Drive, 8LD, EV 90.0 MPH)
|
Batting: RHB Kevin Benfield
|
0-0: Called Strike 0-1: Ball Wild Pitch! Azedine Kirui to third 1-1: Called Strike 1-2: DOUBLE (Flyball, 78D, EV 108.8 MPH) Azedine Kirui scores
|
Batting: RHB Eric Waugaman
|
0-0: Called Strike 0-1: Ball 1-1: Foul Ball, location: 2F 1-2: Ball 2-2: Foul Ball, location: 2F 2-2: Foul Ball, location: 2F 2-2: Foul Ball, location: 2F 2-2: Ball 3-2: 2-RUN HOME RUN (Flyball, 7LD, EV 95.6 MPH), Distance : 348 ft
|
Pitching: RHP Jan Cole
|
|
Batting: RHB Dermott Kennelly
|
0-0: Ball 1-0: Ball 2-0: Ball 3-0: Base on Balls
|
Batting: LHB Jake Rheaume
|
0-0: Foul Ball, location: 2F 0-1: Fly out, F8 (Line Drive, 8LM, EV 101.9 MPH)
|
Batting: LHB Mario Ocana
|
0-0: Ball 1-0: Foul Ball, location: 2F 1-1: Foul Ball, location: 2F 1-2: Fly out, F8 (Flyball, 8LXD, EV 96.9 MPH)
|
Bottom of the 2nd over - 3 runs, 3 hits, 0 errors, 1 left on base; Beloit 1 - Bowling Green 4 |
TOP OF THE 3RD |
Beloit Snappers batting - Pitching for Bowling Green Hot Rods : RHP Greg Spaulding
|
Batting: RHB Jim Conrad
|
0-0: Called Strike 0-1: Ground out 1-3 (Groundball, 13, EV 73.8 MPH)
|
Batting: RHB Willie de los Santos
|
0-0: Ball 1-0: Called Strike 1-1: Ball 2-1: Called Strike 2-2: Ground out 6-3 (Groundball, 56, EV 111.9 MPH)
|
Batting: RHB Dan Boylan
|
0-0: Ball 1-0: Called Strike 1-1: Ground out 6-3 (Groundball, 6S, EV 75.0 MPH)
|
Top of the 3rd over - 0 runs, 0 hits, 0 errors, 0 left on base; Beloit 1 - Bowling Green 4 |
BOTTOM OF THE 3RD |
Bowling Green Hot Rods batting - Pitching for Beloit Snappers : RHP Jan Cole
|
Batting: RHB David Ward
|
0-0: Ball 1-0: Called Strike 1-1: Ball 2-1: Foul Ball, location: 2F 2-2: Foul Ball, location: 2F 2-2: Foul Ball, location: 2F 2-2: Foul Ball, location: 2F 2-2: Ball 3-2: DOUBLE (Flyball, 8RXD, EV 93.1 MPH)
|
Batting: LHB Jimmy Detrie
|
0-0: Called Strike 0-1: Called Strike 0-2: Ball 1-2: SINGLE (Groundball, 34S, EV 63.1 MPH) (infield hit) David Ward to third
|
Pinch Runner at 1st Jonathan Fraire:
|
|
Batting: RHB Azedine Kirui
|
0-0: Ball 1-0: Called Strike 1-1: Reached on error, E6 (Groundball, 6, EV 87.5 MPH) David Ward scores Jonathan Fraire to second
|
Batting: SHB Julio Hernandez
|
0-0: Ball 1-0: Ball 2-0: Foul Ball, location: 2F 2-1: Ball 3-1: Called Strike 3-2: Foul Ball, location: 2F 3-2: Foul Ball, location: 2F 3-2: Strikes out swinging
|
Batting: RHB Kevin Benfield
|
0-0: Called Strike 0-1: Swinging Strike 0-2: Ball 1-2: DOUBLE (Groundball, 5L, EV 95.0 MPH) Jonathan Fraire scores Azedine Kirui to third
|
Batting: RHB Eric Waugaman
|
0-0: Ball 1-0: Foul Ball, location: 2F 1-1: Called Strike 1-2: Ball 2-2: Ground out 5-3 (Groundball, 56, EV 91.9 MPH) Azedine Kirui scores
|
Batting: RHB Dermott Kennelly
|
0-0: Foul Ball, location: 2F 0-1: Called Strike 0-2: Ball 1-2: Strikes out looking
|
Bottom of the 3rd over - 3 runs, 3 hits, 1 error, 1 left on base; Beloit 1 - Bowling Green 7 |
TOP OF THE 4TH |
Beloit Snappers batting - Pitching for Bowling Green Hot Rods : RHP Greg Spaulding
|
Now in LF: Jake Rheaume
|
|
Now in CF: Jonathan Fraire
|
|
Now in RF: Julio Hernandez
|
|
Batting: RHB Diwan Abdul-Salam
|
0-0: Ground out 6-3 (Groundball, 6, EV 80.0 MPH)
|
Batting: RHB Scott Wiggs
|
0-0: Called Strike 0-1: Ball 1-1: Called Strike 1-2: Strikes out swinging
|
Batting: RHB Manny Vizzerra
|
0-0: Ball 1-0: Ball 2-0: Swinging Strike 2-1: Ball 3-1: Swinging Strike 3-2: Foul Ball, location: 2F 3-2: Foul Ball, location: 2F 3-2: Foul Ball, location: 2F 3-2: Strikes out swinging
|
Top of the 4th over - 0 runs, 0 hits, 0 errors, 0 left on base; Beloit 1 - Bowling Green 7 |
BOTTOM OF THE 4TH |
Bowling Green Hot Rods batting - Pitching for Beloit Snappers : RHP Jan Cole
|
Batting: LHB Jake Rheaume
|
0-0: Called Strike 0-1: Ball 1-1: Swinging Strike 1-2: Ball 2-2: Strikes out looking
|
Pitching: LHP Jimmy Ford
|
|
Batting: LHB Mario Ocana
|
0-0: Swinging Strike 0-1: Called Strike 0-2: Strikes out looking
|
Batting: RHB David Ward
|
0-0: Called Strike 0-1: Foul Ball, location: 2F 0-2: Foul Ball, location: 2F 0-2: Ball 1-2: SINGLE (Groundball, 6MD, EV 106.9 MPH)
|
Batting: RHB Jonathan Fraire
|
0-0: Ball 1-0: Ball 2-0: DOUBLE (Line Drive, 3D, EV 96.3 MPH) David Ward to third Runner from 3rd tries for Home, SAFE, throw by RF to home
|
Batting: RHB Azedine Kirui
|
0-0: DOUBLE (Line Drive, 9LS, EV 98.1 MPH) Jonathan Fraire scores
|
Batting: SHB Julio Hernandez
|
0-0: Ball 1-0: Ball 2-0: Ball 3-0: Called Strike 3-1: Base on Balls
|
Batting: RHB Kevin Benfield
|
0-0: Ball 1-0: Ball 2-0: Swinging Strike 2-1: Ball 3-1: Swinging Strike 3-2: Foul Ball, location: 2F 3-2: Strikes out looking
|
Bottom of the 4th over - 2 runs, 3 hits, 0 errors, 2 left on base; Beloit 1 - Bowling Green 9 |
TOP OF THE 5TH |
Beloit Snappers batting - Pitching for Bowling Green Hot Rods : RHP Greg Spaulding
|
Batting: RHB Kyle Waters
|
0-0: Ball 1-0: Ground out 6-3 (Groundball, 6, EV 103.1 MPH)
|
Batting: LHB Raita Inouye
|
0-0: Ground out 5-3 (Groundball, 56, EV 83.8 MPH)
|
Batting: RHB Rick Linders
|
0-0: Called Strike 0-1: Ground out U3 (Groundball, 34, EV 101.9 MPH)
|
Top of the 5th over - 0 runs, 0 hits, 0 errors, 0 left on base; Beloit 1 - Bowling Green 9 |
BOTTOM OF THE 5TH |
Bowling Green Hot Rods batting - Pitching for Beloit Snappers : LHP Jimmy Ford
|
Batting: RHB Eric Waugaman
|
0-0: Swinging Strike 0-1: Ball 1-1: Fly out, F2 (Popup, 23F, EV 85.6 MPH)
|
Batting: RHB Dermott Kennelly
|
0-0: Foul Ball, location: 2F 0-1: Ball 1-1: Foul Ball, location: 2F 1-2: Strikes out swinging
|
Batting: LHB Jake Rheaume
|
0-0: Called Strike 0-1: Foul Ball, location: 2F 0-2: Ball 1-2: Ball 2-2: Ground out 6-3 (Groundball, 6, EV 80.6 MPH)
|
Bottom of the 5th over - 0 runs, 0 hits, 0 errors, 0 left on base; Beloit 1 - Bowling Green 9 |
TOP OF THE 6TH |
Beloit Snappers batting - Pitching for Bowling Green Hot Rods : RHP Greg Spaulding
|
Batting: RHB Jim Conrad
|
0-0: Called Strike 0-1: Called Strike 0-2: Ball 1-2: Ball 2-2: Ground out 3-1 (Groundball, 34, EV 81.9 MPH)
|
Batting: RHB Willie de los Santos
|
0-0: Called Strike 0-1: Ball 1-1: Called Strike 1-2: SINGLE (Groundball, 4M, EV 83.8 MPH) (infield hit)
|
Batting: RHB Dan Boylan
|
0-0: Ball Willie de los Santos steals 2nd base 1-0: Ball 2-0: Ball 3-0: Base on Balls
|
Batting: RHB Diwan Abdul-Salam
|
0-0: Swinging Strike 0-1: Ball 1-1: Ball Willie de los Santos steals 3rd base 2-1: Called Strike Dan Boylan steals 2nd base 2-2: Ground out 5-3 (Groundball, 56S, EV 80.0 MPH) Willie de los Santos scores
|
Batting: RHB Scott Wiggs
|
0-0: Ball 1-0: Ball 2-0: Ground out 5-3 (Groundball, 56, EV 80.6 MPH)
|
Top of the 6th over - 1 run, 1 hit, 0 errors, 1 left on base; Beloit 2 - Bowling Green 9 |
BOTTOM OF THE 6TH |
Bowling Green Hot Rods batting - Pitching for Beloit Snappers : LHP Jimmy Ford
|
Batting: LHB Mario Ocana
|
0-0: Called Strike 0-1: Swinging Strike 0-2: Ball 1-2: Ground out 6-3 (Groundball, 6M, EV 88.1 MPH)
|
Batting: RHB David Ward
|
0-0: Ball 1-0: Ball 2-0: Foul Ball, location: 2F 2-1: Ball 3-1: Base on Balls
|
Pitching: RHP Rich Reinbolt
|
|
Batting: RHB Jonathan Fraire
|
0-0: Fielders Choice at 2nd, 4-6 (Groundball, 4M, EV 91.9 MPH)
|
Batting: RHB Azedine Kirui
|
0-0: Ball 1-0: Called Strike 1-1: Swinging Strike 1-2: Ball 2-2: Strikes out swinging
|
Bottom of the 6th over - 0 runs, 0 hits, 0 errors, 1 left on base; Beloit 2 - Bowling Green 9 |
TOP OF THE 7TH |
Beloit Snappers batting - Pitching for Bowling Green Hot Rods : RHP Greg Spaulding
|
Batting: RHB Manny Vizzerra
|
0-0: Ball 1-0: Foul Ball, location: 2F 1-1: Ball 2-1: Swinging Strike 2-2: Foul Ball, location: 2F 2-2: Foul Ball, location: 2F 2-2: Strikes out swinging
|
Pinch Hitting: LHB Chris Hamilton
|
0-0: Ball 1-0: Ball 2-0: Ground out 4-3 (Groundball, 4, EV 86.9 MPH)
|
Batting: LHB Raita Inouye
|
0-0: Swinging Strike 0-1: Foul Ball, location: 2F 0-2: SINGLE (Line Drive, 6D, EV 100.6 MPH)
|
Batting: RHB Rick Linders
|
0-0: Ball Raita Inouye steals 2nd base (no throw) 1-0: Foul Ball, location: 2F 1-1: SINGLE (Groundball, 56S, EV 69.4 MPH) (infield hit) Raita Inouye to third
|
Batting: RHB Jim Conrad
|
0-0: Ball 1-0: Called Strike 1-1: Ball 2-1: Called Strike 2-2: Strikes out swinging
|
Top of the 7th over - 0 runs, 2 hits, 0 errors, 2 left on base; Beloit 2 - Bowling Green 9 |
BOTTOM OF THE 7TH |
Bowling Green Hot Rods batting - Pitching for Beloit Snappers : RHP Rich Reinbolt
|
Now at 1B: Nick Pacheco
|
|
Batting: SHB Julio Hernandez
|
0-0: Ball 1-0: Ball 2-0: Ground out U3 (Groundball, 34S, EV 85.6 MPH)
|
Batting: RHB Kevin Benfield
|
0-0: Called Strike 0-1: Ball 1-1: Fly out, F6 (Popup, 6, EV 67.5 MPH)
|
Batting: RHB Eric Waugaman
|
0-0: Ball 1-0: Ball 2-0: Called Strike 2-1: Foul Ball, location: 2F 2-2: SINGLE (Flyball, 34D, EV 101.3 MPH)
|
Batting: RHB Dermott Kennelly
|
0-0: Ball 1-0: Ground out U3 (Groundball, 3, EV 85.6 MPH)
|
Bottom of the 7th over - 0 runs, 1 hit, 0 errors, 1 left on base; Beloit 2 - Bowling Green 9 |
TOP OF THE 8TH |
Beloit Snappers batting - Pitching for Bowling Green Hot Rods : RHP Greg Spaulding
|
Batting: RHB Willie de los Santos
|
0-0: Fly out, F8 (Flyball, 8RD, EV 76.9 MPH)
|
Batting: RHB Dan Boylan
|
0-0: Called Strike 0-1: Ball 1-1: Ball 2-1: Swinging Strike 2-2: Strikes out swinging
|
Batting: RHB Diwan Abdul-Salam
|
0-0: Foul Ball, location: 2F 0-1: Ball 1-1: Foul Ball, location: 2F 1-2: Foul Ball, location: 2F 1-2: Strikes out swinging
|
Top of the 8th over - 0 runs, 0 hits, 0 errors, 0 left on base; Beloit 2 - Bowling Green 9 |
BOTTOM OF THE 8TH |
Bowling Green Hot Rods batting - Pitching for Beloit Snappers : RHP Rich Reinbolt
|
Batting: LHB Jake Rheaume
|
0-0: Ball 1-0: Ball 2-0: Foul Ball, location: 2F 2-1: Foul Ball, location: 2F 2-2: Foul Ball, location: 2F 2-2: Foul Ball, location: 2F 2-2: Foul Ball, location: 2F 2-2: Ball 3-2: Ground out 6-3 (Groundball, 56, EV 91.9 MPH)
|
Batting: LHB Mario Ocana
|
0-0: Ball 1-0: Called Strike 1-1: Foul Ball, location: 2F 1-2: Ball 2-2: Ball 3-2: Strikes out swinging
|
Batting: RHB David Ward
|
0-0: Called Strike 0-1: Called Strike 0-2: Ball 1-2: Foul Ball, location: 2F 1-2: Ball 2-2: Foul Ball, location: 2F 2-2: Foul Ball, location: 2F 2-2: Strikes out swinging
|
Bottom of the 8th over - 0 runs, 0 hits, 0 errors, 0 left on base; Beloit 2 - Bowling Green 9 |
TOP OF THE 9TH |
Beloit Snappers batting - Pitching for Bowling Green Hot Rods : RHP Greg Spaulding
|
Pinch Hitting: SHB D.J. Codd
|
0-0: Called Strike 0-1: Ball 1-1: Ball 2-1: Ball 3-1: Fly out, F5 (Popup, 56S, EV 78.1 MPH)
|
Pitching: RHP Suezo Nagai
|
|
Batting: RHB Manny Vizzerra
|
0-0: Swinging Strike 0-1: Ball 1-1: Foul Ball, location: 2F 1-2: Foul Ball, location: 2F 1-2: Foul Ball, location: 2F 1-2: Strikes out swinging
|
Batting: LHB Nick Pacheco
|
0-0: Ball 1-0: Swinging Strike 1-1: Fly out, F1 (Line Drive, P, EV 64.4 MPH)
|
Top of the 9th over - 0 runs, 0 hits, 0 errors, 0 left on base; Beloit 2 - Bowling Green 9 |
|